cohdb
Replays
Latest Replays
All Replays
Popular Replays
Top Player Replays
Match Explorer
How It Works
Community
CoH3 Stats
Reddit
Sign in to upload your games and track your stats! →
Sign in with Steam
Match 43209988
Unlisted
Match 43209988
Overview
Messages
Build Orders
End
Construct Infanterie Kompanie
Selects Breakthrough Battlegroup
Selects Assault Grenadiers
Grenadier Squad
MG 42 Machine Gun Team
Grenadier Squad
GrW 34 Mortar Team
Medical Station
Grenadier Squad
Construct Luftwaffe Kompanie
Jäger Squad
Selects Breakthrough
Selects Smoke Bombing Run
Construct Panzergrenadier Kompanie
Support Elements
Selects Incendiary Bombing Run
Pioneer Squad
Pak 40 Anti-tank Gun Team
Incendiary Bombing Run
Pak 40 Anti-tank Gun Team
Incendiary Bombing Run
Grenadier Squad
Selects Rapid Production
Incendiary Bombing Run
Construct Panzer Kompanie
Selects Blitzkrieg
Sierra Oscar
UH|dun! ツ
insane
Northilink
Vector
sacommander
Zoomer
markaren
0
0
Comments
sign in to comment!
No comments posted yet!